 Dungeon Crawl Stone Soup version 0.24.0-123-gd5b16e6ec5 (webtiles) character file.

Game seed: 14619596825188642858, levelgen mode: deterministic

102 LowPressure the Insei (level 4, -3/38 HPs)
             Began as a Naga Transmuter on Dec 28, 2019.
             Slain by Crazy Yiuf
             ... wielding a +3 quarterstaff of chaos
              (6 damage)
             ... while paralysed by Crazy Yiuf
             ... on level 2 of the Dungeon on Jan 6, 2020.
             The game lasted 00:12:15 (2759 turns).

LowPressure the Insei (Naga Transmuter)             Turns: 2759, Time: 00:12:16

Health: -3/38      AC:  2    Str: 16 (17) XL:     4   Next: 77%
Magic:  2/7        EV:  5    Int: 12 (14) God:
Gold:   78         SH:  0    Dex: 15 (17) Spells: 1/7 levels left

rFire    . . .     SeeInvis +     - Unarmed
rCold    . . .     Gourm    .   (shield currently unavailable)
rNeg     . . .     Faith    .   (armour currently unavailable)
rPois    x         Spirit   .   (helmet currently unavailable)
rElec    .         Reflect  .   (cloak currently unavailable)
rCorr    .         Harm     .   (gloves currently unavailable)
MR       .....                  (no barding)
Stlth    +.........             (no amulet)
HPRegen  0.12/turn              e - +5 ring of strength
MPRegen  0.10/turn              (no ring)

@: confused, paralysed, lethally poisoned (-3 -> -17), spider-form (expiring),
very slightly contaminated
A: tiny, see invisible, slow metabolism 1, spit poison 1, AC +1
a: Spit Poison, End Transformation


You were on level 2 of the Dungeon.
You were hungry.
You were a venomous arachnid creature.
You visited 1 branch of the dungeon, and saw 2 of its levels.

You collected 78 gold pieces.

Inventory:

Hand Weapons
 f - a +2 dagger of speed
 o - a +1 short sword of venom
Missiles
 a - 100 arrows
Armour
 b - a +0 robe (melded)
Jewellery
 e - a +5 ring of strength (left front leg)
Scrolls
 c - 2 scrolls of random uselessness {unknown}
 i - 2 scrolls of amnesia {unknown}
 l - 2 scrolls of enchant armour {unknown}
 m - a scroll of teleportation {unknown}
 n - 3 scrolls of identify {unknown}
Potions
 k - a potion of agility
Comestibles
 d - 4 rations


   Skills:
 + Level 1.1 Fighting
 + Level 2.1 Dodging
 + Level 1.1 Stealth
 + Level 3.9 Unarmed Combat
 + Level 2.4 Spellcasting
 + Level 2.9 Transmutations
 + Level 0.6 Poison Magic


You had one spell level left.
You knew the following spells:

 Your Spells              Type           Power        Failure   Level  Hunger
a - Beastly Appendage     Tmut           #.....       21%         1    ##.....
b - Sticks to Snakes      Tmut           #.......     28%         2    ###....
c - Spider Form           Tmut/Pois      #.........   58%         3    ####...

Your spell library contained the following spells:

 Spells                   Type           Power        Failure   Level  Hunger
 Ice Form                 Ice/Tmut       #.......     92%         4    #####..
 Blade Hands              Tmut           #.........   98%         5    ######.


Dungeon Overview and Level Annotations

Branches:
Dungeon (2/15)

Altars:
Okawaru

Annotations:
D:2 Crazy Yiuf


Innate Abilities, Weirdness & Mutations

You cannot wear boots.
((Your serpentine skin is tough. (AC +1)))
You have supernaturally acute eyesight. (SInv)
((Armour fits poorly on your strangely shaped body.))
((Your system is resistant to poisons. (rPois)))
((You cover ground very slowly.))
You have a slow metabolism.
You can spit poison.


Message History

You climb downwards.
Level annotation: Crazy Yiuf Crazy Yiuf hits you with a +3 quarterstaff of chaos!
Crazy Yiuf burns you.
There is a stone staircase leading up here.
You completely miss Crazy Yiuf.
Crazy Yiuf hits you with a +3 quarterstaff of chaos.
You suddenly lose the ability to move!
Crazy Yiuf hits you but does no damage.
Crazy Yiuf screams, "Shower!"
Crazy Yiuf hits you with a +3 quarterstaff of chaos.
* * * LOW HITPOINT WARNING * * *
You are confused.
Crazy Yiuf hits you with a +3 quarterstaff of chaos.
* * * LOW HITPOINT WARNING * * *
You are lethally poisoned!
* * * LOW HITPOINT WARNING * * *
You feel sick.
Crazy Yiuf hits you with a +3 quarterstaff of chaos.
You die...

##.....# #.# ♣.♣♣ ...#.###
#.# ♣♣.♣ ...#.# #.# ♣♣.♣♣
.###.# #.# ♣♣...♣ .....#
#.# ♣....♣ .#)### #.#
##..## .#.## #.# ###....#
##..######.########.#...##
...(............sg......#
..(#######.########.#####
..## #..........# ..#
############ ..# ###


You could see Crazy Yiuf.

Vanquished Creatures
  3 adders (D:2)
  An ooze (D:2)
  2 worms (D:2)
  4 dart slugs
  A leopard gecko (D:2)
  8 bats
  2 giant cockroaches (D:1)
  9 hobgoblins
  2 ball pythons
  4 frilled lizards
  5 goblins
  3 kobolds
  6 rats
50 creatures vanquished.

Vanquished Creatures (collateral kills)
  An adder (D:2)
  A leopard gecko (D:2)
  2 goblins (D:2)
  A kobold (D:2)
  A bat (D:2)
  A rat (D:2)
7 creatures vanquished.

Grand Total: 57 creatures vanquished

Notes
Turn   | Place    | Note
-------+----------+-------------------------------------------
     0 | D:1      | LowPressure the Naga Transmuter began the quest for the
                  | Orb.
     0 | D:1      | Reached XP level 1. HP: 18/18 MP: 3/3
   163 | D:1      | Reached XP level 2. HP: 20/25 MP: 3/5
   561 | D:1      | Reached XP level 3. HP: 27/31 MP: 4/6
   580 | D:1      | Learned a level 2 spell: Sticks to Snakes
   584 | D:1      | Learned a level 3 spell: Spider Form
   982 | D:2      | Found a runed translucent door.
   983 | D:2      | Noticed Crazy Yiuf
  1077 | D:2      | Found an iron altar of Okawaru.
  1178 | D:2      | Reached XP level 4. HP: 17/38 MP: 1/7
  2014 | D:2      | Reached skill level 1 in Stealth
  2755 | D:2      | Paralysed by Crazy Yiuf for 6 turns
  2759 | D:2      | Slain by Crazy Yiuf

Levels and vault maps discovered:
D:1:      mrwooster_arrival_arrow, layout_rooms, minmay_tiny_reverse_x
D:2:      layout_loops_ring, first_ration, hangedman_decor_points,
          minmay_misc_feat_hallway, okawaru_ov_weapons_minmay,
          uniq_crazy_yiuf_cottage

Skill      XL: |  1  2  3  4 |
---------------+-------------+-----
Dodging        | 2 |  2.1
Stealth        | 1 |  1.1
Fighting       | |  1.1
Unarmed Combat | |  3.9
Spellcasting   | |  2.4
Transmutations | |  2.9
Poison Magic   | |  0.6

Action                   |  1- 3 |  4- 6 || total
-------------------------+-------+-------++-------
Melee: Unarmed           |   113 |    57 ||   170
       Headbutt          |    13 |     3 ||    16
       Punch             |     1 |       ||     1
 Cast: Beastly Appendage |    19 |     7 ||    26
       Sticks to Snakes  |     6 |     4 ||    10
       Spider Form       |       |     9 ||     9
  Use: Potion            |     2 |     3 ||     5
 Stab: Sleeping          |       |     1 ||     1
  Eat: Chunk             |     1 |     6 ||     7
Armor: Robe              |    25 |     8 ||    33
       Skin              |       |     1 ||     1
Dodge: Dodged            |    89 |    26 ||   115
